[Event "ENG-ch Women 2019"]
[Site "Hull"]
[Date "2019.08.31"]
[Round "3.14"]
[White "Kumaar, Sai Chinmayee N"]
[Black "Pettit, Felicity Ol"]
[Result "1-0"]
[ECO "D02"]
[WhiteElo "1622"]
[BlackElo "1233"]
[Annotator "NA"]
[PlyCount "89"]
[EventDate "2019.08.30"]
[EventType "swiss"]
[EventCountry "ENG"]
[SourceTitle "playchess.com"]
[Source "ChessBase"]
[SourceQuality "1"]
[TimeControl "5400+30"]

1. d4 d5 2. Nf3 Nf6 3. Bf4 Bg4 4. e3 e6 5. c3 Bd6 6. Bg3 O-O 7. Be2 c5 8. Nbd2 a6 9. Rc1 Bxg3 10. hxg3 Nc6 11. Ng5 Bxe2 12. Qxe2 c4 13. e4 e5 14. dxe5 Nxe5 15. Rb1 Re8 16. Kf1 Nxe4 17. Ndxe4 dxe4 18. Nxh7 Qd3 19. Qxd3 exd3 20. Ng5 Ng4 21. Rh4 Ne5 22. Re4 f6 23. Nh3 b5 24. Rd1 Nc6 25. Rxe8+ Rxe8 26. Re1 Rd8 27. Nf4 Kf7 28. f3 Ne7 29. Ne6 Rd6 30. Nd4 Nc6 31. Nxc6 Rxc6 32. Kf2 Re6 33. Rxe6 Kxe6 34. g4 Ke5 35. Ke3 g5 36. g3 f5 37. gxf5 Kxf5 38. b4 Ke6 39. Kd2 Kf5 40. Ke3 Ke6 41. Kd2 Kd6 42. Ke3 a5 43. bxa5 Kc6 44. f4 b4 45. cxb4 1-0

[Event "ENG-ch Women 2019"]
[Site "Hull"]
[Date "2019.08.31"]
[Round "3.15"]
[White "Chaban, Roxolana"]
[Black "Mackenzie, Kira"]
[Result "1-0"]
[ECO "C53"]
[WhiteElo "1281"]
[BlackElo "1142"]
[Annotator "NA"]
[PlyCount "131"]
[EventDate "2019.08.30"]
[EventType "swiss"]
[EventCountry "ENG"]
[SourceTitle "playchess.com"]
[Source "ChessBase"]
[SourceQuality "1"]
[TimeControl "5400+30"]

1. e4 e5 2. Nf3 Nc6 3. Bc4 Bc5 4. c3 f6 5. d4 exd4 6. cxd4 Bb6 7. O-O Nge7 8. Nc3 Ba5 9. Re1 d6 10. h3 Ng6 11. a3 Bb6 12. b4 a6 13. Bb2 Bd7 14. Nd5 Nce7 15. Nxb6 cxb6 16. e5 d5 17. Bb3 Bc6 18. exf6 gxf6 19. Re6 O-O 20. Qd2 Nf5 21. Bc2 Ng7 22. Re2 Bb5 23. Re3 Qd7 24. Rae1 Nf5 25. Rc3 Nd6 26. Bd3 Bxd3 27. Qxd3 Nf4 28. Qe3 Ng6 29. Qe6+ Qxe6 30. Rxe6 Nc4 31. Bc1 Kg7 32. Nd2 Nxd2 33. Bxd2 b5 34. Rc7+ Rf7 35. Rxf7+ Kxf7 36. Rd6 Ne7 37. g4 Rc8 38. Rb6 Rc2 39. Bf4 Ng6 40. Rxb7+ Kg8 41. Be3 Rc3 42. Rb6 Rxa3 43. Rxf6 a5 44. bxa5 Rxa5 45. Rb6 Nh4 46. Kf1 Ra1+ 47. Ke2 Ra2+ 48. Kd1 Rb2 49. Kc1 Rb4 50. Rd6 Nf3 51. Rxd5 Rc4+ 52. Kb2 Ne1 53. Rxb5 Nd3+ 54. Kb3 Rc6 55. d5 Rf6 56. Rb8+ Kg7 57. Bd4 Nxf2 58. Bxf6+ Kxf6 59. Rf8+ Ke5 60. Rxf2 Kxd5 61. Rf7 Ke4 62. Rxh7 Kf4 63. Rh5 Ke4 64. Rf5 Kd4 65. h4 Ke4 66. h5 1-0

[Event "ENG-ch Women 2019"]
[Site "Hull"]
[Date "2019.09.01"]
[Round "4.1"]
[White "Toma, Katarzyna"]
[Black "Head, Louise"]
[Result "1/2-1/2"]
[ECO "B17"]
[WhiteElo "2229"]
[BlackElo "2092"]
[Annotator "ChessBase"]
[PlyCount "90"]
[EventDate "2019.08.30"]
[EventType "swiss"]
[EventCountry "ENG"]
[SourceTitle "playchess.com"]
[Source "ChessBase"]
[SourceQuality "1"]
[TimeControl "5400+30"]

1. e4 c6 2. d4 d5 3. Nc3 dxe4 4. Nxe4 Nd7 5. Bd3 Ngf6 6. Ng5 e6 7. N1f3 Bd6 8. Qe2 h6 9. Ne4 Nxe4 10. Qxe4 Qc7 11. Qg4 Kf8 12. O-O b6 13. b3 Bb7 14. Bb2 Nf6 15. Qh4 Ke7 16. Ne5 g5 17. Qh3 Nd5 18. g3 Bxe5 19. dxe5 c5 20. f3 Rag8 21. Be4 h5 22. c4 Ne3 23. Rfe1 Bxe4 24. Rxe3 Bf5 25. Qg2 g4 26. Rd1 Rd8 27. Rd6 Rhg8 28. fxg4 hxg4 29. Qf2 Qb7 30. Red3 Qe4 31. Rd1 Qc2 32. Qd2 Qxd2 33. R1xd2 Rxd6 34. exd6+ Kd7 35. Kf2 Rg6 36. a3 f6 37. b4 e5 38. Ke3 Be6 39. bxc5 bxc5 40. Ke4 Rg8 41. Rf2 Rg6 42. Rd2 Rg5 43. Rf2 Rg6 44. Rd2 Rg7 45. Bc3 Kc6 1/2-1/2

[Event "ENG-ch Women 2019"]
[Site "Hull"]
[Date "2019.09.01"]
[Round "4.2"]
[White "Posadas, Rayelynn"]
[Black "Bhatia, Kanwal K"]
[Result "1-0"]
[ECO "C45"]
[WhiteElo "1885"]
[BlackElo "2044"]
[Annotator "NA"]
[PlyCount "57"]
[EventDate "2019.08.30"]
[EventType "swiss"]
[EventCountry "ENG"]
[SourceTitle "playchess.com"]
[Source "ChessBase"]
[SourceQuality "1"]
[TimeControl "5400+30"]

1. e4 e5 2. Nf3 Nc6 3. d4 exd4 4. Nxd4 Bc5 5. Be3 Qf6 6. c3 d6 7. Bc4 Nge7 8. O-O Ne5 9. Be2 Qg6 10. Kh1 O-O 11. Nd2 Bb6 12. Bh5 Qf6 13. f4 N5c6 14. Nc4 Bxd4 15. Bxd4 Nxd4 16. cxd4 b6 17. e5 dxe5 18. fxe5 Qe6 19. Ne3 Ba6 20. Rf4 Qh6 21. Bxf7+ Kh8 22. Qf3 Ng6 23. Rf5 Nh4 24. Qg3 Ng6 25. e6 Ne7 26. Rh5 Qf6 27. Ng4 Qxd4 28. Rxh7+ Kxh7 29. Qh4# 1-0

[Event "ENG-ch Women 2019"]
[Site "Hull"]
[Date "2019.09.01"]
[Round "4.3"]
[White "Milewska, Agnieszka"]
[Black "Longson, Sarah N"]
[Result "0-1"]
[ECO "D35"]
[WhiteElo "1660"]
[BlackElo "2095"]
[Annotator "NA"]
[PlyCount "112"]
[EventDate "2019.08.30"]
[EventType "swiss"]
[EventCountry "ENG"]
[SourceTitle "playchess.com"]
[Source "ChessBase"]
[SourceQuality "1"]
[TimeControl "5400+30"]

1. d4 d5 2. c4 e6 3. Bf4 Nf6 4. Nc3 c6 5. cxd5 exd5 6. Nf3 Bf5 7. Qb3 {[%emt 0:01:43] D35: Queen's Gambit Declined: Exchange Variation} (7. e3 Be7 8. Be2 Nbd7 9. O-O O-O 10. Ne5 Re8 11. Re1 Nf8 12. Rc1 Ne6 13. Bg3 Bd6 14. Bf1 Bg6 15. f3 Qb8 16. Qd2 Re7 17. b4 Nh5 {½-½ (17) Bryzgalin,K (2427)-Santos Ruiz,M (2527) Forni di Sopra 2018}) 7... Qb6 8. Qxb6 axb6 9. a3 Nbd7 10. e3 b5 11. Rc1 b4 12. axb4 Bxb4 13. Nd2 O-O 14. Be2 h6 $146 ({Predecessor:} 14... Ne4 15. Ndxe4 Bxe4 {½-½ (81) Debnar,L (2280)-Banduka,Z Slovakia 1997}) 15. O-O Ra7 16. Bf3 Rfa8 17. h3 g5 18. Bh2 Nb6 19. g4 Bg6 20. Be2 Nfd7 21. f4 gxf4 22. Bxf4 Kg7 23. Nf3 f6 24. h4 Na4 25. Nxa4 Rxa4 26. g5 hxg5 27. hxg5 Be7 28. gxf6+ Bxf6 29. Ng5 Rb4 30. Bg4 Nf8 31. Rf2 Rb3 32. Bd1 Rb5 33. Rg2 Ra2 34. Bc2 Rbxb2 35. Ne6+ Nxe6 36. Rxg6+ Kf7 37. Rg2 Nxf4 38. exf4 Bxd4+ 39. Kf1 Be3 40. Bg6+ Kf6 41. Rcc2 Rxc2 42. Bxc2 Bxf4 43. Rg6+ Ke5 44. Bd1 Kd4 45. Rf6 Be3 $19 46. Be2 Rb2 47. Rf8 b5 48. Rc8 Rc2 49. Bh5 b4 50. Bg6 Rc1+ 51. Ke2 c5 52. Rd8 Rg1 53. Bf7 Rg2+ 54. Kd1 Kd3 55. Rxd5+ Bd4 56. Rxd4+ Kxd4 0-1

[Event "ENG-ch Women 2019"]
[Site "Hull"]
[Date "2019.09.01"]
[Round "4.4"]
[White "Varney, Zoe"]
[Black "Maladkar, Lavanya"]
[Result "1-0"]
[ECO "D27"]
[WhiteElo "1975"]
[BlackElo "1647"]
[Annotator "NA"]
[PlyCount "77"]
[EventDate "2019.08.30"]
[EventType "swiss"]
[EventCountry "ENG"]
[SourceTitle "playchess.com"]
[Source "ChessBase"]
[SourceQuality "1"]
[TimeControl "5400+30"]

1. e4 c5 2. c3 d5 3. exd5 Qxd5 4. d4 Nc6 5. Nf3 Nf6 6. Be2 cxd4 7. cxd4 e6 8. O-O Be7 9. Nc3 Qd8 10. Bd3 O-O 11. Be3 a6 12. Rc1 Nb4 13. Bb1 Nbd5 14. Qd3 Nb4 15. Qd2 Nbd5 16. Ne5 g6 17. Bh6 Re8 18. Rfd1 Bf8 19. Bxf8 Rxf8 20. Qh6 Ne7 21. g4 Kh8 22. Rd3 Nfg8 23. Qh4 Kg7 24. Rh3 h6 25. g5 Nf5 26. Bxf5 exf5 27. gxh6+ Kh7 28. Qxd8 Rxd8 29. Nxf7 Rxd4 30. f3 f4 31. Rh4 Nf6 32. Ne2 Rd5 33. Nxf4 Rf5 34. Rc7 Bd7 35. Nh3 Rh5 36. Nhg5+ Kg8 37. h7+ Nxh7 38. Rxh5 gxh5 39. Rxd7 1-0

[Event "ENG-ch Women 2019"]
[Site "Hull"]
[Date "2019.09.01"]
[Round "4.5"]
[White "Bridgeman, Niamh"]
[Black "Jaufarally, Nadia"]
[Result "1-0"]
[ECO "A03"]
[WhiteElo "1511"]
[BlackElo "1934"]
[Annotator "NA"]
[PlyCount "111"]
[EventDate "2019.08.30"]
[EventType "swiss"]
[EventCountry "ENG"]
[SourceTitle "playchess.com"]
[Source "ChessBase"]
[SourceQuality "1"]
[TimeControl "5400+30"]

1. f4 Nf6 2. Nf3 g6 3. e3 Bg7 4. Be2 d5 5. O-O O-O 6. d3 c5 7. Qe1 Nc6 8. a4 b6 9. Na3 Ba6 10. Rb1 Nd7 11. e4 dxe4 12. dxe4 Bxe2 13. Qxe2 e5 14. Rd1 Qe7 15. Nc4 Rad8 16. c3 f5 17. exf5 e4 18. Ng5 gxf5 19. Nd6 Na5 20. b4 cxb4 21. cxb4 Nb8 22. bxa5 Rxd6 23. Rxd6 Qxd6 24. Qc4+ Kh8 25. Be3 Qa3 26. Bd4 Qe7 27. Ne6 Bxd4+ 28. Qxd4+ Qf6 29. axb6 Qxd4+ 30. Nxd4 axb6 31. Rxb6 Nd7 32. Rb5 Ra8 33. Nxf5 Rxa4 34. Rd5 Nf8 35. Rd4 Ra5 36. Ne3 Kg7 37. Rxe4 Ng6 38. Kf2 Nh4 39. Re5 Ra3 40. Nf5+ Nxf5 41. Rxf5 Kg6 42. Re5 Ra2+ 43. Kf3 Ra3+ 44. Re3 Ra2 45. h3 Ra6 46. g4 Rb6 47. h4 h6 48. f5+ Kf7 49. Kf4 Rb4+ 50. Re4 Rb1 51. Rc4 Rf1+ 52. Ke5 Re1+ 53. Re4 Ra1 54. g5 hxg5 55. hxg5 Ra5+ 56. Kf4 1-0

[Event "ENG-ch Women 2019"]
[Site "Hull"]
[Date "2019.09.01"]
[Round "4.6"]
[White "Headlong, Fenella"]
[Black "Ball, Katie C"]
[Result "1/2-1/2"]
[ECO "C02"]
[WhiteElo "1761"]
[BlackElo "1472"]
[Annotator "NA"]
[PlyCount "55"]
[EventDate "2019.08.30"]
[EventType "swiss"]
[EventCountry "ENG"]
[SourceTitle "playchess.com"]
[Source "ChessBase"]
[SourceQuality "1"]
[TimeControl "5400+30"]

1. e4 e6 2. d4 d5 3. e5 c5 4. c3 Ne7 5. Nf3 Nec6 6. Be2 b6 7. O-O Ba6 8. Bxa6 Nxa6 9. Qa4 Nab8 10. dxc5 bxc5 11. Qg4 Nd7 12. Re1 h5 13. Qg3 g6 14. Na3 Qb8 15. Ng5 Ncxe5 16. f4 Ng4 17. Qd3 Be7 18. Nxe6 Rg8 19. Qxd5 fxe6 20. Qxe6 Rg7 21. Nc4 Kd8 22. Rd1 Bf8 23. h3 Nh6 24. Ne5 Qc8 25. Qf6+ Kc7 26. Qc6+ Kd8 27. Qf6+ Kc7 28. Qc6+ 1/2-1/2

[Event "ENG-ch Women 2019"]
[Site "Hull"]
[Date "2019.09.01"]
[Round "4.7"]
[White "Denning, Julie L"]
[Black "Sheikh, Anum"]
[Result "1-0"]
[ECO "A50"]
[WhiteElo "1629"]
[BlackElo "1693"]
[Annotator "NA"]
[PlyCount "129"]
[EventDate "2019.08.30"]
[EventType "swiss"]
[EventCountry "ENG"]
[SourceTitle "playchess.com"]
[Source "ChessBase"]
[SourceQuality "1"]
[TimeControl "5400+30"]

1. d4 Nf6 2. c4 Nc6 3. Nc3 e5 4. d5 Ne7 5. e4 Ng6 6. Nge2 Bc5 7. h3 d6 8. Ng3 h5 9. Bg5 h4 10. Nge2 Rh5 11. Qd2 Qe7 12. Be3 Bb4 13. Qc2 Bd7 14. a3 Bxc3+ 15. Nxc3 Nf4 16. Qd2 g5 17. g3 hxg3 18. fxg3 Nxh3 19. Bxh3 Rxh3 20. Rxh3 Bxh3 21. Bxg5 O-O-O 22. Qf2 Ng4 23. Bxe7 Nxf2 24. Kxf2 Re8 25. Bf6 a6 26. Rh1 Bd7 27. Rh8 Rxh8 28. Bxh8 f5 29. Kf3 fxe4+ 30. Nxe4 Ba4 31. c5 Kd7 32. cxd6 cxd6 33. Nc3 Bb3 34. Bf6 b5 35. g4 a5 36. Nxb5 Bxd5+ 37. Ke3 Bf7 38. g5 Bg6 39. Nc3 Ke6 40. Bd8 d5 41. Nxd5 Kxd5 42. Bxa5 e4 43. Bd8 Kc4 44. b4 Kb5 45. Bf6 Ka4 46. Bd4 Kb5 47. Kf4 Kc4 48. Bg1 Be8 49. Kxe4 Kb3 50. Bc5 Kxa3 51. Ke5 Ka4 52. Kf6 Kb5 53. g6 Bxg6 54. Kxg6 Kc6 55. Kf6 Kb5 56. Ke6 Kc6 57. Ke7 Kc7 58. b5 Kb7 59. Kd7 Kb8 60. Kc6 Kc8 61. b6 Kb8 62. Bd6+ Ka8 63. b7+ Ka7 64. b8=Q+ Ka6 65. Qb6# 1-0

[Event "ENG-ch Women 2019"]
[Site "Hull"]
[Date "2019.09.01"]
[Round "4.8"]
[White "Jayawarna, Thisumi"]
[Black "Zhu, Yaoyao"]
[Result "0-1"]
[ECO "C58"]
[WhiteElo "1125"]
[BlackElo "1842"]
[Annotator "NA"]
[PlyCount "54"]
[EventDate "2019.08.30"]
[EventType "swiss"]
[EventCountry "ENG"]
[SourceTitle "playchess.com"]
[Source "ChessBase"]
[SourceQuality "1"]
[TimeControl "5400+30"]

1. e4 e5 2. Nf3 Nc6 3. Bc4 Nf6 4. Ng5 d5 5. exd5 Na5 6. Bb5+ c6 7. dxc6 bxc6 8. Qf3 Rb8 9. Bd3 Bd6 10. Ne4 Nxe4 11. Bxe4 O-O 12. O-O f5 13. Bxc6 Nxc6 14. Qxc6 Bb7 15. Qc4+ Kh8 16. d3 Qf6 17. g3 f4 18. Nd2 Qf5 19. f3 Qh3 20. g4 Rfc8 21. Qf7 Bc5+ 22. Rf2 Bxf3 23. Nxf3 Qxf3 24. Bd2 Bxf2+ 25. Kf1 Be3+ 26. Ke1 Qf2+ 27. Kd1 Qxd2# 0-1

[Event "ENG-ch Women 2019"]
[Site "Hull"]
[Date "2019.09.01"]
[Round "4.10"]
[White "Jaufarally, Zahra"]
[Black "Kumaar, Sai Chinmayee N"]
[Result "1/2-1/2"]
[ECO "D07"]
[WhiteElo "1371"]
[BlackElo "1622"]
[Annotator "NA"]
[PlyCount "59"]
[EventDate "2019.08.30"]
[EventType "swiss"]
[EventCountry "ENG"]
[SourceTitle "playchess.com"]
[Source "ChessBase"]
[SourceQuality "1"]
[TimeControl "5400+30"]

1. d4 d5 2. Nf3 Nc6 3. c4 e6 4. c5 Be7 5. Nc3 a6 6. Bf4 Nf6 7. e3 Bd7 8. Bd3 h6 9. h3 b6 10. cxb6 cxb6 11. a3 b5 12. b4 Qc8 13. Rc1 Qb7 14. O-O O-O 15. Ne5 Kh8 16. Bb1 Nxe5 17. dxe5 Ng8 18. e4 Bc6 19. Qd3 dxe4 20. Nxe4 Bxe4 21. Qxe4 Qxe4 22. Bxe4 Ra7 23. Rfd1 Rd8 24. Rxd8 Bxd8 25. Rd1 Be7 26. Be3 Rc7 27. Rc1 Rd7 28. Bf3 Rd3 29. Ra1 Rd7 30. Rd1 1/2-1/2

[Event "ENG-ch Women 2019"]
[Site "Hull"]
[Date "2019.09.01"]
[Round "4.11"]
[White "Arora, Tashika"]
[Black "Maladkar, Ritika"]
[Result "1-0"]
[ECO "D02"]
[WhiteElo "1447"]
[BlackElo "1561"]
[Annotator "NA"]
[PlyCount "77"]
[EventDate "2019.08.30"]
[EventType "swiss"]
[EventCountry "ENG"]
[SourceTitle "playchess.com"]
[Source "ChessBase"]
[SourceQuality "1"]
[TimeControl "5400+30"]

1. d4 d5 2. Nf3 Nf6 3. Bf4 e6 4. e3 c5 5. Be2 Be7 6. O-O O-O 7. c4 Nc6 8. Nc3 Nh5 9. Bg3 Nxg3 10. hxg3 b6 11. cxd5 Nb4 12. dxe6 Bxe6 13. a3 Nd5 14. Nxd5 Bxd5 15. Rc1 Rc8 16. Ba6 Rc6 17. Bb7 Rh6 18. Bxd5 Qxd5 19. dxc5 Qxd1 20. Rfxd1 Bxc5 21. b4 Bd6 22. Nd4 f5 23. Rc6 Be5 24. Rxh6 gxh6 25. Nc6 Bb2 26. a4 Rf7 27. Rd8+ Kg7 28. Ra8 Rc7 29. Rxa7 Rxa7 30. Nxa7 Bc3 31. Nc6 Kf6 32. a5 bxa5 33. bxa5 Bxa5 34. Nxa5 Kg5 35. Nc6 Kg4 36. Kh2 Kh5 37. Kh3 Kg5 38. Ne7 Kh5 39. Nxf5 1-0

[Event "ENG-ch Women 2019"]
[Site "Hull"]
[Date "2019.09.01"]
[Round "4.12"]
[White "Boztas, Lana"]
[Black "Gamal, Alaa"]
[Result "1/2-1/2"]
[ECO "A37"]
[WhiteElo "1475"]
[BlackElo "1762"]
[Annotator "NA"]
[PlyCount "136"]
[EventDate "2019.08.30"]
[EventType "swiss"]
[EventCountry "ENG"]
[SourceTitle "playchess.com"]
[Source "ChessBase"]
[SourceQuality "1"]
[TimeControl "5400+30"]

1. c4 c5 2. Nc3 g6 3. g3 Bg7 4. Bg2 Nc6 5. Nf3 e6 6. d3 Nge7 7. O-O d5 8. cxd5 exd5 9. Qa4 O-O 10. Bg5 h6 11. Bf4 g5 12. Bd2 Bf5 13. Rab1 Qd7 14. Rfe1 Rae8 15. e4 Bh7 16. Rbd1 d4 17. Nb1 Kh8 18. b4 cxb4 19. Bxb4 b5 20. Qa3 Nxb4 21. Qxb4 a6 22. Na3 Nc6 23. Qb2 f5 24. Nd2 Ne5 25. Qb1 f4 26. f3 fxg3 27. hxg3 Bg8 28. Rf1 Be6 29. Nb3 Bh3 30. Nc5 Qc8 31. Rc1 Bxg2 32. Kxg2 Qa8 33. Qb3 Rf6 34. Nc2 Rc8 35. Nxd4 Rd6 36. Nf5 Rf6 37. d4 Nf7 38. Nxg7 Kxg7 39. Ne6+ Kg8 40. Rc5 Rxc5 41. Nxc5 Qa7 42. e5 Rc6 43. Re1 Qe7 44. Qd5 Rb6 45. Re4 Kh7 46. Nd7 Rg6 47. Nf6+ Kg7 48. Qa8 Nd8 49. Qxa6 Qb4 50. Qa7+ Kf8 51. Qc5+ Qxc5 52. dxc5 Nc6 53. Nd7+ Ke7 54. Nb6 Ke6 55. Kf2 Nxe5 56. Rd4 Ke7 57. Nc8+ Kf7 58. Rd5 Nc6 59. Rf5+ Ke6 60. g4 Nd4 61. Rf8 Kd7 62. Ke3 Ne6 63. Nb6+ Kc6 64. Rc8+ Kb7 65. Re8 Nxc5 66. Nd5 Re6+ 67. Rxe6 Nxe6 68. Ke4 Kc6 1/2-1/2

[Event "ENG-ch Women 2019"]
[Site "Hull"]
[Date "2019.09.01"]
[Round "4.13"]
[White "Sengenberger, Sara"]
[Black "Chaban, Roxolana"]
[Result "1-0"]
[ECO "B34"]
[WhiteElo "1570"]
[BlackElo "1281"]
[Annotator "NA"]
[PlyCount "89"]
[EventDate "2019.08.30"]
[EventType "swiss"]
[EventCountry "ENG"]
[SourceTitle "playchess.com"]
[Source "ChessBase"]
[SourceQuality "1"]
[TimeControl "5400+30"]

1. e4 c5 2. Nf3 g6 3. d4 cxd4 4. Nxd4 Bg7 5. Nc3 Nc6 6. Be3 Nf6 7. f3 O-O 8. Nxc6 bxc6 9. Rb1 d5 10. exd5 Nxd5 11. Nxd5 Qxd5 12. Qxd5 cxd5 13. b3 Bc3+ 14. Kf2 d4 15. Bh6 Rd8 16. g4 e5 17. Bg5 Rd6 18. Bc4 Kg7 19. Be7 Rd7 20. Ba3 Bb7 21. Rhd1 f6 22. Bb2 Bxb2 23. Rxb2 a5 24. c3 Bc6 25. cxd4 Rxd4 26. Rxd4 exd4 27. Bd3 h6 28. Rc2 Be8 29. Rc7+ Kg8 30. Ke2 a4 31. Bc4+ Kh8 32. Kd3 axb3 33. Bxb3 Rd8 34. Rc5 Bb5+ 35. Rxb5 Kg7 36. Rd5 Rxd5 37. Bxd5 Kf8 38. Kxd4 Ke7 39. a4 Kd8 40. h4 Kc7 41. a5 Kb8 42. a6 Ka7 43. Bb7 g5 44. h5 Kb8 45. Ke4 1-0

[Event "ENG-ch Women 2019"]
[Site "Hull"]
[Date "2019.09.01"]
[Round "4.14"]
[White "Cakova, Monika"]
[Black "Headlong, Georgia"]
[Result "0-1"]
[ECO "A46"]
[WhiteElo "1150"]
[BlackElo "1482"]
[Annotator "NA"]
[PlyCount "68"]
[EventDate "2019.08.30"]
[EventType "swiss"]
[EventCountry "ENG"]
[SourceTitle "playchess.com"]
[Source "ChessBase"]
[SourceQuality "1"]
[TimeControl "5400+30"]

1. d4 Nf6 2. Nf3 e6 3. c3 b6 4. e3 Bb7 5. Bd3 Be7 6. Nbd2 d5 7. O-O O-O 8. Re1 Ne4 9. Ne5 f6 10. Nef3 Nd7 11. Qc2 f5 12. Ne5 Bd6 13. Nxd7 Qxd7 14. f4 Nxd2 15. Bxd2 c5 16. c4 Rac8 17. Bc3 cxd4 18. Bxd4 dxc4 19. Bxc4 b5 20. Bxe6+ Qxe6 21. Qd3 Qe4 22. Qb3+ Bd5 23. Re2 Bxb3 24. axb3 Bc5 25. Be5 Bxe3+ 26. Kf1 Rc2 27. Rd1 Rxe2 28. Kxe2 Bxf4+ 29. Kf2 Qe3+ 30. Kf1 Bxe5 31. Re1 Qd3+ 32. Re2 Re8 33. Kf2 Bd4+ 34. Ke1 Qxe2# 0-1

[Event "ENG-ch Women 2019"]
[Site "Hull"]
[Date "2019.09.01"]
[Round "4.15"]
[White "Anika Rachna Roy"]
[Black "Jayawarna, Tarini"]
[Result "1/2-1/2"]
[ECO "E70"]
[WhiteElo "1380"]
[BlackElo "1337"]
[Annotator "NA"]
[PlyCount "91"]
[EventDate "2019.08.30"]
[EventType "swiss"]
[EventCountry "ENG"]
[SourceTitle "playchess.com"]
[Source "ChessBase"]
[SourceQuality "1"]
[TimeControl "5400+30"]

1. d4 Nf6 2. c4 g6 3. Nc3 Bg7 4. e4 d6 5. Nge2 O-O 6. Ng3 e5 7. d5 a5 8. Be2 Na6 9. h4 h5 10. Bg5 Qe8 11. Qd2 Nh7 12. O-O-O Nc5 13. Nb5 Qd7 14. Nc3 f6 15. Be3 b6 16. Nf1 f5 17. exf5 Qxf5 18. Ng3 Qf7 19. Nge4 Nxe4 20. Nxe4 Bd7 21. Rdg1 Bf5 22. Bd3 b5 23. f3 bxc4 24. Bxc4 Rfb8 25. Qe2 Qd7 26. Nc3 e4 27. Bb5 Qe7 28. f4 Bd7 29. Bxd7 Qxd7 30. Qd2 Bxc3 31. Qxc3 Qa4 32. Kb1 Rb7 33. Rc1 Rab8 34. Rc2 Qb5 35. Rd1 Qb4 36. Qd4 Qxd4 37. Bxd4 Rf8 38. Rdc1 Rxf4 39. Rxc7 Rxc7 40. Rxc7 Rxh4 41. Rg7+ Kf8 42. Rxh7 Rh1+ 43. Kc2 Rh2 44. Rh8+ Ke7 45. Rh7+ Ke8 46. Rh8+ 1/2-1/2

[Event "ENG-ch Women 2019"]
[Site "Hull"]
[Date "2019.09.01"]
[Round "4.16"]
[White "Pettit, Felicity Ol"]
[Black "Mackenzie, Kira"]
[Result "1-0"]
[ECO "D05"]
[WhiteElo "1233"]
[BlackElo "1142"]
[Annotator "NA"]
[PlyCount "61"]
[EventDate "2019.08.30"]
[EventType "swiss"]
[EventCountry "ENG"]
[SourceTitle "playchess.com"]
[Source "ChessBase"]
[SourceQuality "1"]
[TimeControl "5400+30"]

1. d4 d5 2. Nf3 e6 3. e3 Nf6 4. Bd3 Bd6 5. Nbd2 b6 6. e4 dxe4 7. Nxe4 Be7 8. Nxf6+ Bxf6 9. Be4 c6 10. Bf4 Bb7 11. c3 Nd7 12. O-O O-O 13. Rc1 Re8 14. Re1 e5 15. dxe5 Be7 16. Nd4 Bg5 17. Bxg5 Qxg5 18. Bxc6 Bxc6 19. Nxc6 Nxe5 20. Qd5 Re6 21. Ne7+ Qxe7 22. Qxa8+ Qe8 23. Qxe8+ Rxe8 24. f4 Nf3+ 25. gxf3 Rd8 26. Rcd1 Rf8 27. Rd7 g6 28. Red1 Kg7 29. Rd8 Rxd8 30. Rxd8 a6 31. Ra8 1-0

[Event "ENG-ch Women 2019"]
[Site "Hull"]
[Date "2019.09.01"]
[Round "5.1"]
[White "Head, Louise"]
[Black "Posadas, Rayelynn"]
[Result "1-0"]
[ECO "D53"]
[WhiteElo "2092"]
[BlackElo "1885"]
[Annotator "NA"]
[PlyCount "61"]
[EventDate "2019.08.30"]
[EventType "swiss"]
[EventCountry "ENG"]
[SourceTitle "playchess.com"]
[Source "ChessBase"]
[SourceQuality "1"]
[TimeControl "5400+30"]

1. d4 d5 2. c4 e6 3. Nc3 Nf6 4. Bg5 Nbd7 5. e3 c6 6. Nf3 Be7 7. Qc2 dxc4 8. Bxc4 b5 9. Bd3 Bb7 10. O-O h6 11. Bh4 O-O 12. Rfd1 Nd5 13. Nxd5 exd5 14. Bg3 Rc8 15. Rac1 a6 16. Qe2 f5 17. Ne5 Nxe5 18. Bxe5 Bd6 19. f4 Bxe5 20. fxe5 Qg5 21. g3 h5 22. Qf3 g6 23. Rf1 Kg7 24. h3 Qe7 25. Qg2 Qe6 26. Rf4 Kh6 27. g4 Rc7 28. Kh1 Rcf7 29. gxf5 gxf5 30. Rg1 Kh7 31. Bxf5+ 1-0

[Event "ENG-ch Women 2019"]
[Site "Hull"]
[Date "2019.09.01"]
[Round "5.3"]
[White "Denning, Julie L"]
[Black "Varney, Zoe"]
[Result "0-1"]
[ECO "D35"]
[WhiteElo "1629"]
[BlackElo "1975"]
[Annotator "NA"]
[PlyCount "82"]
[EventDate "2019.08.30"]
[EventType "swiss"]
[EventCountry "ENG"]
[SourceTitle "playchess.com"]
[Source "ChessBase"]
[SourceQuality "1"]
[TimeControl "5400+30"]

1. d4 d5 2. c4 c6 3. Nc3 Nf6 4. Bg5 e6 5. e3 Nbd7 6. cxd5 exd5 7. Bd3 Be7 8. Nf3 O-O 9. O-O h6 10. Bh4 Ne4 11. Bxe7 Qxe7 12. Rc1 f5 13. Nd2 Ndf6 14. h3 Nxd2 15. Qxd2 Ne4 16. Nxe4 fxe4 17. Be2 Qh4 18. Kh2 Rxf2 19. Rxf2 Qxf2 20. Rf1 Qh4 21. Qb4 Qd8 22. Bh5 Qc7+ 23. Kh1 Be6 24. Qd2 Rf8 25. Rxf8+ Kxf8 26. Qb4+ Qe7 27. Qxe7+ Kxe7 28. b4 b6 29. Kg1 Kd6 30. Kf1 c5 31. bxc5+ bxc5 32. dxc5+ Kxc5 33. Be8 a5 34. a4 Kd6 35. Bb5 Bd7 36. Bxd7 Kxd7 37. Ke2 Kc6 38. Kd2 Kc5 39. Kc3 h5 40. g3 g5 41. Kc2 Kc4 0-1

[Event "ENG-ch Women 2019"]
[Site "Hull"]
[Date "2019.09.01"]
[Round "5.4"]
[White "Ball, Katie C"]
[Black "Bridgeman, Niamh"]
[Result "0-1"]
[ECO "A80"]
[WhiteElo "1472"]
[BlackElo "1511"]
[Annotator "NA"]
[PlyCount "62"]
[EventDate "2019.08.30"]
[EventType "swiss"]
[EventCountry "ENG"]
[SourceTitle "playchess.com"]
[Source "ChessBase"]
[SourceQuality "1"]
[TimeControl "5400+30"]

1. d4 e6 2. Nf3 f5 3. e3 Nf6 4. Nbd2 Be7 5. Bd3 d5 6. b3 O-O 7. Bb2 Bd6 8. O-O Nbd7 9. Ne5 c6 10. Ndf3 Qc7 11. h3 Ne4 12. c4 Qd8 13. Qc1 Rf6 14. Ba3 Bxe5 15. dxe5 Rg6 16. Bd6 Nxd6 17. exd6 Nc5 18. Bc2 Qxd6 19. cxd5 exd5 20. Nh4 Rf6 21. Rd1 Ne4 22. Bd3 Qe7 23. f3 Nc5 24. g4 fxg4 25. fxg4 Nxd3 26. Rxd3 Rh6 27. Ng2 Rxh3 28. Nf4 Rg3+ 29. Kf2 Qh4 30. Ke2 Qh2+ 31. Ke1 Rg1# 0-1

[Event "ENG-ch Women 2019"]
[Site "Hull"]
[Date "2019.09.01"]
[Round "5.5"]
[White "Bhatia, Kanwal K"]
[Black "Arora, Tashika"]
[Result "1/2-1/2"]
[ECO "B22"]
[WhiteElo "2044"]
[BlackElo "1447"]
[Annotator "NA"]
[PlyCount "60"]
[EventDate "2019.08.30"]
[EventType "swiss"]
[EventCountry "ENG"]
[SourceTitle "playchess.com"]
[Source "ChessBase"]
[SourceQuality "1"]
[TimeControl "5400+30"]

1. e4 c5 2. c3 Nf6 3. e5 Nd5 4. d4 cxd4 5. Nf3 Nc6 6. cxd4 d6 7. Bc4 Nb6 8. Bb3 dxe5 9. d5 Na5 10. Nc3 Nxb3 11. Qxb3 e6 12. Nxe5 Bd6 13. Qb5+ Kf8 14. dxe6 Bxe6 15. O-O Qc7 16. f4 Qc5+ 17. Qxc5 Bxc5+ 18. Kh1 f6 19. f5 Bg8 20. Ne4 Be7 21. Nf3 Bc4 22. Re1 Kf7 23. Bf4 Nd5 24. Bd6 Rhd8 25. Rac1 Bxd6 26. Rxc4 Be7 27. Rec1 Nb6 28. Rc7 Rac8 29. g4 Rxc7 30. Rxc7 Rd7 1/2-1/2

[Event "ENG-ch Women 2019"]
[Site "Hull"]
[Date "2019.09.01"]
[Round "5.7"]
[White "Zhu, Yaoyao"]
[Black "Jaufarally, Nadia"]
[Result "1/2-1/2"]
[ECO "B27"]
[WhiteElo "1842"]
[BlackElo "1934"]
[Annotator "NA"]
[PlyCount "48"]
[EventDate "2019.08.30"]
[EventType "swiss"]
[EventCountry "ENG"]
[SourceTitle "playchess.com"]
[Source "ChessBase"]
[SourceQuality "1"]
[TimeControl "5400+30"]

1. e4 c5 2. d4 cxd4 3. c3 g6 4. cxd4 d5 5. exd5 Nf6 6. Nc3 Bg7 7. Bb5+ Nbd7 8. Nf3 O-O 9. O-O Nb6 10. Bf4 Nbxd5 11. Be5 Bd7 12. Bc4 Bc6 13. Nxd5 Bxd5 14. Rc1 Rc8 15. Bxd5 Qxd5 16. Qa4 a6 17. Qb4 e6 18. a3 Rc6 19. Rc5 Rxc5 20. Qxc5 Rd8 21. Rc1 Qxc5 22. dxc5 Ne4 23. Bxg7 Kxg7 24. Kf1 Nd2+ 1/2-1/2